Map: 2000 Atmospheres LE

Players

Titelis - Winner!

  • Race: Terran Terran
  • Spawn Location: 7:00

Jamin

  • Race: Terran Terran
  • League: Silver
  • Spawn Location: 3:00

VOD

Have the link to the VOD?

Description

Time

  • Played on: Dec. 16, 2021, 2:04 p.m.
  • Length: 23:13
Show
View Real Time Build Order
Export as new Build Order

Titelis Terran - Winner!

Build Orders:  

Get SALT Encoding   

  12  0:00  SCV  
  13  0:14  Supply Depot  
  13  0:18  SCV  
  14  0:30  SCV  
  15  0:36  Barracks  
  15  0:42  SCV  
  16  0:59  SCV  
  17  1:11  SCV  
  18  1:19  Refinery  
  18  1:20  Refinery  
  18  1:23  SCV, Supply Depot  
  19  1:34  Marine  
  19  1:36  SCV  
  21  1:48  SCV  
  21  1:52  Marine  
  23  1:56  Command Center  
  23  2:00  SCV  
  24  2:20  Bunker  
  24  2:26  Barracks Reactor  
  24  2:28  SCV  
  25  2:41  SCV  
  26  2:59  Factory  
  26  3:02  SCV  
  27  3:08  SCV  
  27  3:12  Marine x2  
  29  3:14  SCV  
  31  3:20  SCV  
  31  3:23  Refinery  
  31  3:26  SCV, Refinery  
  33  3:30  Marine x2  
  33  3:32  SCV  
  36  3:38  SCV  
  37  3:45  SCV  
  37  3:48  Marine x2  
  39  3:50  SCV  
  41  3:57  SCV  
  42  4:03  Orbital Command  
  42  4:06  Marine x2  
  42  4:09  SCV  
  45  4:13  Supply Depot  
  45  4:25  Engineering Bay  
  45  4:31  SCV  
  46  4:34  SCV  
  46  4:37  Supply Depot  
  47  4:46  SCV, Marine x2  
  50  4:59  SCV  
  50  5:01  Supply Depot  
  50  5:11  SCV  
  51  5:23  SCV  
  51  5:24  Supply Depot  
  51  5:25  SCV  
  53  5:33  Starport  
  53  5:35  SCV  
  54  5:41  SCV  
  55  5:44  Armory  
  55  5:49  Marine x2  
  57  5:57  Command Center  
  57  5:59  Neosteel Armor  
  57  6:06  Planetary Fortress  
  57  6:07  Marine x2  
  57  6:11  Starport  
  59  6:26  Bunker  
  59  6:33  Marine  
  59  6:34  Marine  
  61  6:44  Starport Tech Lab  
  61  6:48  Terran Ship Weapons Level 1  
  61  6:49  Starport  
  61  6:51  Marine, Fusion Core  
  61  6:52  Marine  
  63  6:58  Bunker  
  63  7:01  SCV  
  64  7:09  SCV  
  64  7:10  Refinery  
  64  7:14  SCV  
  64  7:15  Supply Depot  
  66  7:21  SCV  
  66  7:22  Starport  
  67  7:26  Starport, SCV  
  68  7:37  Supply Depot  
  68  7:38  Bunker  
  68  7:39  Hi-Sec Auto Tracking  
  68  7:55  SCV  
  69  7:59  Starport  
  69  8:04  Starport Tech Lab x2  
  69  8:07  SCV, Bunker  
  70  8:19  SCV  
  71  8:25  Starport Tech Lab  
  71  8:31  SCV  
  71  8:32  Starport  
  71  8:33  Starport Tech Lab  
  71  8:34  Battlecruiser x3  
  84  8:39  Supply Depot  
  88  8:42  Terran Vehicle And Ship Armor Level 1  
  88  8:43  SCV  
  88  8:46  Battlecruiser  
  87  8:49  Starport Tech Lab  
  87  8:54  Marine x2  
  86  9:02  Barracks x2  
  72  9:06  Battlecruiser  
  75  9:12  Marine  
  75  9:16  Marine  
  70  9:34  Weapon Refit, Marine  
  70  9:38  Battlecruiser  
  71  9:49  Battlecruiser  
  71  9:52  Marine  
  78  9:56  SCV, Refinery  
  79  10:05  Command Center  
  79  10:08  SCV  
  79  10:10  Marine  
  81  10:19  SCV  
  82  10:22  Command Center  
  82  10:29  Starport Reactor  
  82  10:31  SCV, Refinery  
  82  10:32  Starport Tech Lab  
  82  10:34  Starport Tech Lab  
  83  10:39  Terran Vehicle And Ship Armor Level 2  
  83  10:41  Battlecruiser  
  89  10:51  Command Center  
  89  11:10  Supply Depot  
  89  11:27  SCV  
  89  11:29  SCV, Supply Depot  
  89  11:32  Supply Depot  
  91  11:35  Refinery  
  91  11:36  SCV  
  91  11:37  Refinery  
  91  11:39  SCV  
  93  11:50  SCV  
  93  11:51  SCV, Supply Depot  
  92  11:55  Supply Depot  
  86  12:06  Battlecruiser  
  87  12:15  Supply Depot  
  76  12:54  Command Center  
  75  13:14  Command Center  
  75  13:31  SCV  
  76  13:44  SCV, Supply Depot  
  77  13:56  SCV  
  78  14:08  SCV x2, Supply Depot, Refinery  
  80  14:20  SCV  
  76  14:31  Supply Depot  
  62  14:55  Supply Depot  
  56  15:17  Battlecruiser x2  
  68  15:47  Battlecruiser  
  68  15:48  Battlecruiser  
  80  15:50  SCV  
  75  16:02  SCV  
  76  16:13  Refinery  
  76  16:14  SCV  
  71  16:34  Battlecruiser  
  77  16:44  SCV  
  78  16:48  Command Center  
  78  16:56  SCV  
  73  17:08  Battlecruiser  
  73  17:27  SCV  
  74  17:33  Orbital Command  
  74  17:37  SCV  
  74  17:39  SCV  
  76  17:47  Battlecruiser  
  76  17:49  SCV  
  83  17:51  SCV  
  84  18:02  SCV  
  84  18:03  SCV  
  84  18:04  Terran Vehicle And Ship Armor Level 3  
  86  18:14  SCV  
  86  18:15  SCV  
  88  18:26  SCV  
  83  18:36  Battlecruiser  
  83  18:37  Battlecruiser  
  95  18:49  SCV  
  96  19:01  SCV  
  97  19:13  SCV  
  97  19:14  SCV  
  99  19:25  SCV  
  99  19:26  SCV  
  101  19:32  Refinery  
  101  19:37  SCV  
  102  19:38  SCV  
  103  19:46  Battlecruiser  
  103  19:47  Command Center  
  103  19:50  SCV  
  110  19:55  Orbital Command  
  110  20:03  SCV  
  96  20:28  Battlecruiser  
  96  20:29  Battlecruiser x2  
  109  20:56  Battlecruiser  
  97  21:54  Command Center  
  97  22:12  Command Center  
  97  22:42  Orbital Command  
Show
View Real Time Build Order
Export as new Build Order

Jamin Terran 

Build Orders:  

Get SALT Encoding   

  12  0:00  SCV  
  13  0:12  SCV  
  14  0:20  Supply Depot  
  14  0:24  SCV  
  15  0:30  Refinery  
  15  0:41  SCV  
  16  0:46  Barracks  
  16  0:53  SCV  
  17  1:03  Supply Depot  
  17  1:06  SCV  
  18  1:18  SCV  
  19  1:22  Barracks  
  20  1:33  Marine  
  20  1:36  Orbital Command  
  20  1:51  Marine  
  21  2:02  SCV  
  22  2:14  SCV  
  23  2:22  Command Center  
  23  2:26  SCV  
  23  2:29  Barracks Reactor  
  24  2:31  Barracks Reactor  
  24  2:33  Bunker  
  24  2:39  SCV  
  25  2:51  SCV  
  26  2:56  Factory  
  26  3:03  SCV  
  26  3:04  Engineering Bay  
  27  3:07  Marine x2  
  27  3:08  Marine x2  
  31  3:18  Refinery  
  31  3:33  Refinery  
  31  3:34  SCV  
  32  3:35  Supply Depot  
  32  3:36  Refinery  
  32  3:40  Supply Depot  
  32  3:42  SCV  
  32  3:46  SCV  
  34  3:50  Factory Tech Lab  
  34  4:00  SCV x2  
  36  4:03  Marine x4  
  36  4:07  Terran Infantry Weapons Level 1  
  40  4:14  Siege Tank  
  43  4:25  Starport, SCV x2  
  45  4:34  Supply Depot  
  45  4:36  Supply Depot  
  45  4:37  SCV  
  45  4:38  SCV  
  47  4:42  Marine x2  
  49  4:46  Marine  
  49  4:50  Marine  
  51  4:57  SCV x2  
  53  5:03  Marine  
  54  5:17  Siege Tank  
  54  5:19  Marine  
  54  5:20  SCV  
  54  5:21  SCV  
  60  5:30  Barracks Tech Lab  
  60  5:32  Medivac x2  
  60  5:33  Marine  
  60  5:35  SCV x2  
  67  5:54  Marine x2  
  67  5:55  Marauder  
  67  5:56  Stimpack  
  71  6:02  Terran Infantry Armor Level 1  
  71  6:13  SCV x2  
  73  6:22  Supply Depot  
  73  6:23  Supply Depot  
  73  6:24  Marauder, Marine x2  
  73  6:25  SCV  
  78  6:44  SCV x2, Siege Tank, Marine x2  
  78  6:46  Marauder  
  87  6:58  Viking x2  
  87  7:01  Supply Depot  
  91  7:03  Supply Depot  
  91  7:17  Marine x2  
  95  7:23  Marauder  
  95  7:25  Armory  
  95  7:34  Planetary Fortress  
  95  7:39  Marine x2  
  95  7:42  Combat Shield, Command Center, Supply Depot  
  97  7:58  Marauder, Marine x2  
  100  8:02  Siege Tank  
  100  8:04  Medivac, Viking  
  108  8:19  Terran Vehicle Weapons Level 1  
  108  8:20  Terran Infantry Weapons Level 2  
  108  8:24  Marine x2  
  108  8:25  Marauder  
  112  8:32  Supply Depot  
  112  8:33  Supply Depot  
  112  8:34  Viking, Medivac  
  93  8:56  Marine x2  
  93  8:57  Marauder  
  93  9:00  Concussive Shells  
  97  9:08  Siege Tank  
  97  9:09  Viking, Medivac  
  104  9:14  Marine  
  105  9:21  Barracks  
  105  9:23  Factory  
  105  9:25  Barracks  
  105  9:26  Planetary Fortress  
  105  9:33  Refinery  
  105  9:35  Marine x2  
  105  9:36  Refinery, Marauder  
  109  9:39  Viking, Medivac  
  90  10:02  Siege Tank  
  90  10:06  Marine x2  
  97  10:07  Marauder  
  97  10:08  SCV x3  
  97  10:09  Viking, Medivac  
  104  10:20  SCV x3  
  107  10:25  Supply Depot  
  107  10:26  Supply Depot  
  107  10:28  Marine x3  
  110  10:31  Barracks Reactor  
  110  10:32  SCV x2  
  112  10:36  Factory Tech Lab  
  112  10:37  Barracks Tech Lab  
  112  10:41  Terran Vehicle And Ship Armor Level 1, Terran Infantry Armor Level 2  
  112  10:45  SCV x3  
  112  10:46  Marauder  
  112  10:49  Viking x2, Supply Depot  
  121  10:50  Supply Depot  
  121  11:00  Starport, SCV x3  
  121  11:03  Marine x2  
  126  11:09  Marine x2  
  128  11:14  Marauder x2  
  135  11:19  Viking  
  134  11:25  Thor  
  134  11:31  Marine x4  
  144  11:35  Marauder  
  148  11:41  Supply Depot  
  148  11:43  Supply Depot  
  148  11:49  Marine x2  
  150  11:55  Marine x2  
  150  11:56  Marine  
  150  11:57  Marauder  
  153  12:08  Thor  
  153  12:09  Thor  
  153  12:11  Marine x2  
  153  12:13  Marine x2  
  153  12:14  Marauder  
  171  12:18  Marauder  
  171  12:19  Supply Depot  
  164  12:29  Marine x2  
  141  12:31  Medivac, Marine x2  
  141  12:32  Medivac  
  141  12:35  Starport Reactor  
  142  12:46  Marine x2  
  142  12:47  Marine x2  
  142  12:48  Marine  
  142  12:49  Marine  
  147  12:52  Thor  
  147  12:53  Thor  
  159  12:59  Terran Ship Weapons Level 1  
  159  13:03  Terran Infantry Weapons Level 3  
  159  13:04  Marine x4  
  163  13:06  Viking, Marine x2  
  161  13:24  Marine x3  
  161  13:25  Marine  
  156  13:37  Siege Tank x2  
  156  13:38  Marine  
  163  13:42  Marine  
  164  13:59  Marine  
  164  14:00  Marine x3  
  168  14:12  Barracks Tech Lab, Marine  
  169  14:17  Marine  
  156  14:25  Command Center  
  156  14:30  Thor x2  
  129  14:40  Marine x4  
  129  14:41  Marine x2  
  113  14:53  Viking x2  
  113  14:58  Marine x2  
  107  15:08  Marine x4  
  107  15:13  Thor x2  
  108  15:16  Marine x2  
  98  15:41  Refinery  
  98  15:42  Refinery  
  86  15:45  Viking x2  
  86  15:46  Viking x2  
  89  15:50  Marine  
  89  15:51  Marine x5  
  89  15:56  Thor x2  
  96  16:04  SCV x3  
  96  16:18  SCV x2  
  91  16:23  Viking x3  
  79  16:39  Marine x3  
  73  16:40  Marine x3  
  74  16:48  Terran Ship Weapons Level 2  
  69  17:20  Viking x2  
  73  17:23  Marine x3  
  76  17:52  Marine x3  
  76  17:53  Marine x3  
  76  17:58  Medivac x2  
  86  18:10  Orbital Command  
  79  18:25  Marine x5  
  79  18:26  Marine  
  64  18:31  Viking x2  
  64  18:33  SCV  
  60  18:54  SCV x3  
  60  18:55  Marine x4  
  61  19:06  SCV x3  
  61  19:07  Viking x2  
  68  19:13  Marine x2  
  68  19:14  Marine x2  
  68  19:15  Marine x2  
  74  19:19  Viking  
  74  19:22  SCV x2  
  74  19:23  SCV  
  79  19:41  Viking x2  
  79  19:42  Viking  
  85  19:47  Marine x4  
  85  19:49  Marine x2  
  91  19:57  Terran Infantry Armor Level 3  
  91  19:59  Terran Ship Weapons Level 3  
  91  20:08  Marine  
  91  20:09  Marine x3  
  95  20:15  Marine x2  
  95  20:17  Viking  
  87  20:26  Marine  
  77  20:54  Marine x5  
  77  20:55  Marine  
  77  20:57  Viking  
  81  21:31  Marine x3  
  81  21:32  Marine  
  38  21:49  Marine x3  
  38  21:52  SCV x2  
  40  22:27  Viking x2  
  40  22:40  Marine  
  40  22:41  Marine x3  
  44  22:58  SCV x2  
Tags
 
League
Silver
Matchup
TvT
Race
Terran
Spawn Locations
Cross Positions
Add a new tag
Caveats
  • Supply blocks, unpowered buildings, or Contaminate may cause inaccurate times.
  • Supply counts are checked every 10 seconds.